 Dungeon Crawl Stone Soup version 0.18.1-50-g88ac8fd (webtiles) character file.

3516 magog001 the Blocker (level 9, -7/123 HPs)
             Began as a Minotaur Fighter on Apr 2, 2018.
             Was a Follower of Nemelex Xobeh.
             Killed by divine providence
             ... invoked by an orc priest
              (12 damage)
             ... on level 8 of the Dungeon.
             The game lasted 00:56:36 (9411 turns).

magog001 the Blocker (Minotaur Fighter)             Turns: 9411, Time: 00:56:38

Health: -7/123     AC: 24    Str: 24    XL:     9   Next: 81%
Magic:  17/17      EV:  2    Int:  5    God:    Nemelex Xobeh [*.....]
Gold:   321        SH: 12    Dex: 12    Spells: 0 memorised, 8 levels left

rFire  . . .     SeeInvis .     q - +4 rapier (venom)
rCold  . . .     Gourm    .     (armour currently unavailable)
rNeg   + + +     Faith    .     x - +0 shield
rPois  +         Spirit   .     (helmet currently unavailable)
rElec  .         Dismiss  .     (cloak currently unavailable)
rCorr  .         Reflect  .     (gloves currently unavailable)
SustAt .         Harm     .     (boots currently unavailable)
MR     .....     NoTele   +     (no amulet)
Stlth  +.........               r - ring of Joazism {+Fly MP+9 Dex+2}
                                z - ring of positive energy

@: tree-form, not resistant to hostile enchantments, very unstealthy
A: (retaliatory headbutt), (claws 0), (horns 0), (poison resistance)
a: Renounce Religion


You were on level 8 of the Dungeon.
You worshipped Nemelex Xobeh.
Nemelex Xobeh was aware of your devotion.
You were not hungry.
You were a tree.
You visited 2 branches of the dungeon, and saw 9 of its levels.
You also visited: Sewer.

You collected 342 gold pieces.
You spent 21 gold pieces at shops.

Inventory:

Hand Weapons
 q - a +4 rapier of venom (weapon)
Missiles
 c - 31 arrows
 v - 74 sling bullets
 C - 3 javelins (quivered)
 E - 3 tomahawks
 I - 24 poisoned needles
 M - 2 needles of sleeping
Armour
 b - a +0 scale mail (melded)
 w - a +0 pair of gloves (melded)
 x - a +0 shield (worn)
 G - a +1 cloak (melded)
Jewellery
 r - the ring of Joazism (right branch) {+Fly MP+9 Dex+2}
   (You found it on level 4 of the Dungeon)

   [ring of flight]

   It affects your dexterity (+2).
   It affects your magic capacity (+9).
   It lets you fly.
 z - a ring of positive energy (left branch)
Wands
 h - a wand of paralysis (6/24)
 y - a wand of hasting (4/9)
 A - a wand of random effects (48/48)
Scrolls
 k - 4 scrolls of remove curse
 l - a scroll of recharging
 F - 4 scrolls of magic mapping
 H - 2 scrolls of teleportation
Potions
 d - a potion of might
 e - a potion of berserk rage
 i - a potion of invisibility
 j - a potion of lignification
 m - a potion of magic
 n - a potion of flight
 p - 3 potions of haste
 s - a potion of brilliance
 u - 3 potions of heal wounds
 B - a potion of degeneration {unknown}
 D - a potion of ambrosia {unknown}
Miscellaneous
 o - a plain deck of war
 t - a plain deck of destruction
Comestibles
 a - 12 chunks of flesh
 f - 3 bread rations
 J - 2 meat rations


   Skills:
 * Level 8.4 Fighting
 * Level 5.1 Short Blades
   Level 5.7 Axes
   Level 1.0 Bows
 + Level 1.1 Throwing
 * Level 9.5 Armour
 - Level 0.2 Dodging
 * Level 9.7 Shields
 - Level 0.1 Evocations


You had 8 spell levels left.
You didn't know any spells.

Dungeon Overview and Level Annotations

Branches:
Dungeon (8/15)             Temple (1/1) D:6            Lair (0/8) D:8

Altars:
Ashenzari
Cheibriados
Dithmenos
Elyvilon
Fedhas
Gozag
Kikubaaqudgha
Makhleb
Nemelex Xobeh
Okawaru
Pakellas
Qazlal
Ru
Sif Muna
Trog
Vehumet
Xom
Yredelemnul
Zin
The Shining One

Shops:
D:5 *


Innate Abilities, Weirdness & Mutations

((You reflexively headbutt those who attack you in melee.))
((You have a pair of horns on your head.))
((You have sharp fingernails.))
((Your system is resistant to poisons.))


Message History

* * * LOW HITPOINT WARNING * * *
You block the warg's attack.
Unknown command.
You closely miss the warg.
The warg is almost dead.
You kill the warg!
Your Short Blades skill increases to level 5!
The warg bites you!
* * * LOW HITPOINT WARNING * * *
Unknown command.
You closely miss the warg.
The warg is almost dead.
You block the warg's attack.
The warg stops to sniff the ground.
You hit the warg.
You kill the warg!
The orc priest invokes the aid of Beogh against you.
Beogh smites you!
You die...
Your body disappears without a glow.

./.....# #..........# o...#..#
#..........# ....#..#
#..........# ... #..#
##.>........######
..###..#######o...............#
.........oho..h##......#...)..#
...........†o..oo.............#
........########'########.....#
........#..b....♣.......#.[...#
.....#..#...............##.####
..#.#...#....#######....##.#
#.......#....#.....#....##.#
###..#..#....'†.)..'....##.#
#..#..#..b.#.....#....##.#
#....#######....##.#
#...............##.#
#...............##.#


You could see a warg, 2 orc priests and an orc.

Vanquished Creatures
  Sigmund (D:5)
  Eustachio (D:4)
  A hungry ghost (D:8)
  2 wargs (D:8)
  2 ice beasts
  A sky beast (D:7)
  A phantom (D:4)
  A wasp (D:7)
  2 orc warriors
  4 ogres
  3 centaurs
  5 giant frogs
  A gnoll sergeant (D:7)
  A scorpion (D:8)
  A killer bee (D:8)
  4 wights (D:7)
  4 howler monkeys
  A crimson imp (D:5)
  A quasit (D:7)
  3 orc wizards
  3 orc priests
  4 hounds
  8 worker ants
  An iguana (D:5)
  A mummy (D:5)
  Robin (D:4)
  3 gnolls (D:6)
  13 adders
  2 shadow imps (D:8)
  2 oozes
  An adder skeleton (D:5)
  5 worms
  4 dart slugs
  6 giant geckos
  8 orcs
  3 ball pythons
  15 giant cockroaches
  9 goblins
  6 hobgoblins
  8 jackals
  5 quokkas
  5 bats
  13 giant newts
  A hobgoblin zombie (D:5)
  5 kobolds
  A kobold zombie (D:5)
  2 orc zombies (D:5)
  2 rats (D:2)
  A butterfly (D:8)
178 creatures vanquished.

Vanquished Creatures (others)
  An ogre (D:7)
  A giant gecko (D:7)
  A quokka (D:7)
3 creatures vanquished.

Grand Total: 181 creatures vanquished

Notes
Turn   | Place    | Note
--------------------------------------------------------------
     0 | D:1      | magog001 the Minotaur Fighter began the quest for the Orb.
     0 | D:1      | Reached XP level 1. HP: 19/19 MP: 0/0
   781 | D:1      | Reached XP level 2. HP: 27/27 MP: 1/1
  1501 | D:2      | Reached XP level 3. HP: 27/33 MP: 2/2
  3260 | D:3      | Reached XP level 4. HP: 40/40 MP: 3/3
  3269 | D:3      | Found a blossoming altar of Fedhas.
  3722 | D:3      | Reached skill level 5 in Armour
  4153 | D:4      | Reached XP level 5. HP: 37/46 MP: 4/4
  4160 | D:4      | Got a pitted golden ring
  4161 | D:4      | Identified the ring of Joazism {+Fly MP+9 Dex+2} (You found it on level 4 of the Dungeon)
  4371 | D:4      | Noticed Eustachio
  4409 | D:4      | Killed Eustachio
  4409 | D:4      | Reached skill level 5 in Shields
  4409 | D:4      | Reached XP level 6. HP: 25/55 MP: 5/5
  5063 | D:4      | Noticed Robin
  5072 | D:4      | Killed Robin
  5072 | D:4      | Reached skill level 5 in Fighting
  5405 | D:5      | Entered Level 5 of the Dungeon
  5595 | D:5      | Reached XP level 7. HP: 54/61 MP: 6/6
  5846 | D:5      | Noticed Sigmund
  5852 | D:5      | Killed Sigmund
  5852 | D:5      | Reached skill level 1 in Short Blades
  6174 | D:5      | Reached XP level 8. HP: 51/70 MP: 7/7
  6482 | D:5      | Reached skill level 5 in Axes
  6540 | D:5      | Found Weunla's General Store.
  6547 | D:5      | Bought a slice of pizza for 21 gold pieces
  6659 | D:6      | Found a glowing drain.
  6723 | Sewer    | Entered a sewer
  7022 | Sewer    | Got an encrusted longbow
  7515 | D:6      | Identified the +2 longbow "Ythotz" {freeze, Dex+4} (You found it in a sewer)
  7773 | D:6      | Gained mutation: You have sharp fingernails. [potion of mutation]
  7773 | D:6      | Gained mutation: You are frail (-10% HP). [potion of mutation]
  7773 | D:6      | Gained mutation: Your spells are a little harder to cast, but a little more powerful. [potion of mutation]
  7774 | D:6      | Gained mutation: Your flesh is heat resistant. [potion of mutation]
  7774 | D:6      | Gained mutation: Your natural rate of healing is unusually fast. [potion of mutation]
  7774 | D:6      | Gained mutation: You have a pair of large horns on your head. [potion of mutation]
  7775 | D:6      | Gained mutation: Your mind is acute. (Int +2) [potion of mutation]
  7775 | D:6      | Lost mutation: Your natural rate of healing is unusually fast. [potion of mutation]
  7776 | D:6      | Lost mutation: You have a pair of large horns on your head. [potion of cure mutation]
  7776 | D:6      | Lost mutation: Your spells are a little harder to cast, but a little more powerful. [potion of cure mutation]
  7776 | D:6      | Lost mutation: You are frail (-10% HP). [potion of cure mutation]
  7776 | D:6      | Lost mutation: Your flesh is heat resistant. [potion of cure mutation]
  7838 | D:6      | Reached XP level 9. HP: 78/79 MP: 8/8
  7868 | D:6      | Found a staircase to the Ecumenical Temple.
  7877 | Temple   | Entered the Ecumenical Temple
  7938 | Temple   | Became a worshipper of Nemelex Xobeh the Trickster
  8050 | Temple   | Received a gift from Nemelex Xobeh
  8178 | D:7      | Found a shimmering altar of Xom.
  8198 | D:7      | Reached skill level 1 in Bows
  8536 | D:7      | Gained mutation: Your natural rate of healing is unusually fast. [mutagenic meat]
  8537 | D:7      | Gained mutation: You occasionally shout uncontrollably at your foes. [mutagenic meat]
  8538 | D:7      | Gained mutation: Your system is resistant to poisons. [mutagenic meat]
  8539 | D:7      | Gained mutation: Armour fits poorly on your strangely shaped body. [mutagenic meat]
  8540 | D:7      | Gained mutation: You have supernaturally acute eyesight. [mutagenic meat]
  8541 | D:7      | Gained mutation: Your spells are a little easier to cast, but a little less powerful. [mutagenic meat]
  8542 | D:7      | Lost mutation: Armour fits poorly on your strangely shaped body. [potion of cure mutation]
  8542 | D:7      | Lost mutation: Your mind is acute. (Int +2) [potion of cure mutation]
  8542 | D:7      | Lost mutation: Your spells are a little easier to cast, but a little less powerful. [potion of cure mutation]
  8542 | D:7      | Lost mutation: You occasionally shout uncontrollably at your foes. [potion of cure mutation]
  8542 | D:7      | Lost mutation: You have supernaturally acute eyesight. [potion of cure mutation]
  8542 | D:7      | Lost mutation: Your natural rate of healing is unusually fast. [potion of cure mutation]
  8719 | D:7      | Found an opulent altar of Gozag.
  8732 | D:7      | Reached skill level 1 in Throwing
  9052 | D:8      | Reached * piety under Nemelex Xobeh
  9237 | D:8      | Received a gift from Nemelex Xobeh
  9265 | D:8      | Found a runed door.
  9294 | D:8      | Found a runed door.
  9379 | D:8      | Found a staircase to the Lair.
  9409 | D:8      | Reached skill level 5 in Short Blades
  9409 | D:8      | HP: 4/123 [warg (8)]
  9411 | D:8      | Killed from afar by an orc priest

Skill      XL: |  1  2  3  4  5  6  7  8  9 |
---------------+----------------------------+-----
Armour         | 4 5 6 7 8 9 |  9.5
Fighting       | 4 5 6 7 8 |  8.4
Shields        | 4 5 6 7 9 |  9.7
Axes           | 3 4 5 |  5.7
Short Blades   | 2 3 5 |  5.1
Bows           | 1 |  1.0
Throwing       | 1 |  1.1
Dodging        | |  0.2
Evocations     | |  0.1

Action                   |  1- 3 |  4- 6 |  7- 9 || total
-------------------------+-------+-------+-------++-------
Melee: War axe           |    70 |    71 |       ||   141
       Headbutt          |    12 |    23 |    62 ||    97
       Rapier            |       |    65 |   285 ||   350
 Fire: Longbow           |       |       |     7 ||     7
Throw: Javelin           |       |     4 |     5 ||     9
 Abil: Evoke Flight      |       |       |     4 ||     4
Evoke: Wand              |       |       |     2 ||     2
  Use: Potion            |       |     4 |    11 ||    15
       Scroll            |       |       |    22 ||    22
  Eat: Chunk             |     2 |     4 |    11 ||    17
       Meat ration       |     1 |     2 |     1 ||     4
       Pizza             |       |       |     1 ||     1
Armor: Scale mail        |    29 |    56 |   161 ||   246
       Skin              |       |    28 |    14 ||    42
Dodge: Dodged            |    24 |    37 |   106 ||   167
Block: Shield            |    41 |    78 |   207 ||   326
